 Dungeon Crawl Stone Soup version 0.22.1 (webtiles) character file.

8082 Tarasboulda the Destroyer (level 11, -3/54 HPs)
             Began as a Deep Elf Conjurer on Sept 18, 2018.
             Was a Priest of Vehumet.
             Slain by a seven-headed hydra (10 damage)
             ... on level 9 of the Dungeon.
             The game lasted 00:57:21 (13468 turns).

Tarasboulda the Destroyer (Deep Elf Conjurer)      Turns: 13468, Time: 00:57:22

Health: -3/54      AC:  4    Str:  5    XL:     11   Next: 5%
Magic:  0/28       EV: 20    Int: 28    God:    Vehumet [***...]
Gold:   639        SH:  2    Dex: 15    Spells: 12/33 levels left

rFire    . . .     SeeInvis .   x - staff of death
rCold    . . .     Gourm    .   (no shield)
rNeg     + . .     Faith    .   k - +0 robe (curse)
rPois    .         Spirit   +   (no helmet)
rElec    .         Reflect  +   d - scarf {Spirit}
rCorr    .         Harm     .   (no gloves)
MR       +....                  y - +1 pair of boots
Stlth    ++++......             b - +2 amulet of reflection
HPRegen  0.18/turn              n - +4 ring of intelligence
MPRegen  0.21/turn              j - +3 ring of evasion

@: no status effects
A: no striking features
a: Renounce Religion


You were on level 9 of the Dungeon.
You worshipped Vehumet.
Vehumet was most pleased with you.
You were near starving.

You visited 2 branches of the dungeon, and saw 11 of its levels.

You collected 736 gold pieces.
You spent 97 gold pieces at shops.

Inventory:

Armour
 a - a +1 robe
 d - a scarf of spirit shield (worn)
 g - a +0 shield
 k - a cursed +0 robe (worn)
 q - a +0 cloak
 y - a +1 pair of boots (worn)
Magical Staves
 x - an uncursed staff of death (weapon)
Jewellery
 b - a +2 amulet of reflection (around neck)
 j - a +3 ring of evasion (right hand)
 l - a +3 ring of strength
 n - a +4 ring of intelligence (left hand)
 p - an uncursed ring of teleportation
Wands
 E - a wand of flame (27)
Scrolls
 e - a scroll of amnesia
 o - a scroll of enchant weapon
 t - 3 scrolls of teleportation
 u - 2 scrolls of noise
 A - a scroll of magic mapping
 C - 2 scrolls of identify
 D - a scroll of enchant armour
 G - a scroll of remove curse
Potions
 f - 4 potions of curing
 h - a potion of magic
 i - a potion of haste
 m - a potion of cancellation
 r - 2 potions of brilliance
 s - 2 potions of invisibility
 v - a potion of resistance
 w - 2 potions of ambrosia
 z - 2 potions of degeneration {unknown}
 B - a potion of flight {unknown}
 F - a potion of heal wounds {unknown}
Comestibles
 c - 6 rations


   Skills:
 + Level 7.8 Dodging
 + Level 8.5 Stealth
 * Level 11.6 Spellcasting
 + Level 13.1 Conjurations


You had 12 spell levels left.
You knew the following spells:

 Your Spells              Type           Power        Failure   Level  Hunger
a - Magic Dart            Conj           ####         0%          1    None
b - Searing Ray           Conj           ######       0%          2    None
c - Force Lance           Conj/Tloc      ######..     1%          4    None
d - Fulminant Prism       Conj/Hex       ######....   1%          4    None
e - Mephitic Cloud        Conj/Pois/Air  #####...     1%          3    None
f - Conjure Flame         Conj/Fire      ######..     1%          3    None
g - Airstrike             Air            ###.......   10%         4    None

Your spell library contained the following spells:

 Spells                   Type           Power        Failure   Level  Hunger
 Dazzling Spray           Conj/Hex       ######       1%          3    None
 Iskenderun's Mystic Bla  Conj           ######..     1%          4    None
 Animate Skeleton         Necr           N/A          3%          1    None
 Apportation              Tloc           ###...       3%          1    None
 Confusing Touch          Hex            ###...       3%          1    None
 Summon Small Mammal      Summ           ###.         3%          1    None
 Poisonous Vapours        Pois/Air       ###...       5%          2    None
 Freezing Cloud           Conj/Ice/Air   #####.....   22%         6    #####..
 Ring of Flames           Chrm/Fire      ###.......   100%        7    ######.


Dungeon Overview and Level Annotations

Branches:
Dungeon (10/15)            Temple (1/1) D:4
   Lair: D:8-11         Orc: D:9-12

Altars:
Cheibriados
Dithmenos
Fedhas
Gozag
Nemelex Xobeh
Okawaru
Vehumet

Shops:
D:7 ?

Annotations:
D:4 Prince Ribbit
D:6 3 runed doors, PaladinM's ghost, novice HuWr
D:9 3 runed doors, PIttos's ghost, novice MiFi


Message History

Press: ? - help, Shift-Dir - straight line, f/p - seven-headed hydra
Aim: a seven-headed hydra (heavily wounded)
The lance of force hits the seven-headed hydra.
The seven-headed hydra is severely wounded.
You block the seven-headed hydra's attack. x2
The seven-headed hydra barely misses you.
The seven-headed hydra bites you!
The seven-headed hydra barely misses you.
The seven-headed hydra bites you!
* * * LOW HITPOINT WARNING * * *
The seven-headed hydra misses you.
You climb upwards.
Level annotation: 3 runed doors, PIttos's ghost, novice MiFi
There is a stone staircase leading down here.
The seven-headed hydra bites you but does no damage.
You block the seven-headed hydra's attack.
The seven-headed hydra misses you. The seven-headed hydra bites you!
* * * LOW HITPOINT WARNING * * *
The seven-headed hydra bites you!
You die...

...# #.#.....########+##..#....
...# #.#...............#..#....
...#####.#...............#..#....
.........#...............#..#....
.........#............<..#..#....
#######..##'####......####..#....
#.....#........#......#..........
#.....#........####'#'#.#########
#.....#.........@.......#..YWY..#
#.....#.)........D......#..!($Y.#
......#......####.......#.##.##.#
......#......#..#####...#.##.##Y#
......'......#......#...#.##.##Z#
......#......'......#.#.#......Y#
......#......##.....#.#.#.......#
.....##.......'.....#.#.###+++###
.....#........#''####.#..........


You could see a seven-headed hydra.

Vanquished Creatures
  3 two-headed ogres
  Pikel (D:4)
  A hornet (D:7)
  A hippogriff (D:7)
  A hungry ghost (D:10)
  Eustachio (D:4)
  A steam dragon (D:7)
  An eye of draining (D:9)
  An ice beast (D:7)
  A phantom (D:9)
  A black bear (D:8)
  3 necrophages
  3 orc warriors
  A sky beast (D:7)
  An ogre (D:9)
  4 centaurs
  A big kobold (D:5)
  6 bullfrogs
  A gnoll sergeant (D:7)
  A water moccasin zombie (D:6)
  A wyvern skeleton (D:7)
  4 scorpions
  18 killer bees
  7 howler monkeys
  5 crimson imps
  2 bullfrog zombies
  5 jellies
  3 hounds
  A bullfrog skeleton (D:8)
  An orc priest (D:7)
  4 orc wizards
  Terence (D:3)
  4 iguanas
  7 worker ants
  A hound zombie (D:10)
  2 hound skeletons
  2 worker ant zombies (D:8)
  10 gnolls
  A howler monkey skeleton (D:6)
  6 adders
  A river rat (D:4)
  4 oozes
  An adder zombie (D:9)
  3 worms
  2 dart slugs
  7 leopard geckos
  19 orcs
  11 giant cockroaches
  6 goblins
  12 hobgoblins
  9 jackals
  45 kobolds
  4 quokkas
  A ball python (D:4)
  4 bats
  A frilled lizard (D:3)
  A leopard gecko skeleton (D:4)
  2 quokka skeletons
  4 rats
256 creatures vanquished.

Vanquished Creatures (others)
  Joseph (D:10)
  Edmund (D:4)
  A slave (D:4)
  20 fulminant prisms
23 creatures vanquished.

Grand Total: 279 creatures vanquished

Notes
Turn   | Place    | Note
-------+----------+-------------------------------------------
     0 | D:1      | Tarasboulda the Deep Elf Conjurer began the quest for the
                  | Orb.
     0 | D:1      | Reached XP level 1. HP: 10/10 MP: 6/6
   114 | D:1      | Reached XP level 2. HP: 12/15 MP: 4/8
   235 | D:1      | Reached skill level 5 in Conjurations
   550 | D:1      | Reached XP level 3. HP: 19/19 MP: 5/9
   643 | D:1      | Learned a level 2 spell: Searing Ray
   746 | D:1      | You fall through a shaft!
  1089 | D:2      | Reached skill level 6 in Conjurations
  1213 | D:2      | Reached XP level 4. HP: 24/24 MP: 6/10
  2011 | D:3      | Reached skill level 7 in Conjurations
  2011 | D:3      | Reached XP level 5. HP: 28/28 MP: 6/11
  2054 | D:3      | Noticed Terence
  2326 | D:3      | Found a snail-covered altar of Cheibriados.
  2400 | D:3      | Killed Terence
  2461 | D:4      | Reached skill level 8 in Conjurations
  2463 | D:4      | Noticed a centaur
  2548 | D:4      | Killed a centaur
  2548 | D:4      | Reached XP level 6. HP: 13/32 MP: 2/12
  2685 | D:4      | Noticed Edmund
  3051 | D:3      | Learned a level 3 spell: Dazzling Spray
  3373 | D:4      | Found a staircase to the Ecumenical Temple.
  3382 | Temple   | Entered the Ecumenical Temple
  3438 | Temple   | Became a worshipper of Vehumet
  3501 | D:4      | Noticed Eustachio
  3687 | D:4      | Killed Eustachio
  3687 | D:4      | Reached skill level 9 in Conjurations
  3687 | D:4      | Reached XP level 7. HP: 28/36 MP: 0/13
  4104 | D:4      | Noticed Pikel
  4202 | D:4      | Killed Pikel
  4202 | D:4      | Reached skill level 10 in Conjurations
  4202 | D:4      | Reached XP level 8. HP: 14/41 MP: 11/14
  4546 | D:4      | Learned a level 4 spell: Fulminant Prism
  4551 | D:4      | Reached skill level 11 in Conjurations
  4873 | D:4      | Killed Edmund
  4940 | D:5      | Entered Level 5 of the Dungeon
  5091 | D:5      | Noticed Prince Ribbit
  5971 | D:4      | Learned a level 4 spell: Force Lance
  6194 | D:5      | Reached * piety under Vehumet
  6194 | D:5      | Offered knowledge of Sandblast by Vehumet.
  6910 | D:5      | Offered knowledge of Freeze by Vehumet.
  7025 | D:5      | Found an iron altar of Okawaru.
  7039 | D:5      | Reached ** piety under Vehumet
  7348 | D:5      | Reached skill level 5 in Spellcasting
  7917 | D:6      | Found a runed gate.
  7917 | D:6      | Found a runed gate.
  7917 | D:6      | Noticed PaladinM's ghost (novice HuWr)
  7918 | D:6      | Found a runed gate.
  8260 | D:7      | Noticed a hornet
  8298 | D:7      | Reached XP level 9. HP: 35/45 MP: 9/19
  8395 | D:7      | Paralysed by a hornet for 1 turns
  8502 | D:7      | Reached skill level 12 in Conjurations
  8927 | D:7      | Noticed Joseph
  9000 | D:7      | Reached skill level 5 in Stealth
  9242 | D:7      | Reached skill level 5 in Dodging
  9859 | D:7      | Found Cinaol's Magic Scroll Shop.
  9964 | D:7      | Bought a scroll of identify for 26 gold pieces
  9964 | D:7      | Bought a scroll of identify for 26 gold pieces
  9964 | D:7      | Bought a scroll of magic mapping for 45 gold pieces
 10392 | D:8      | Offered knowledge of Throw Frost by Vehumet.
 10434 | D:8      | Noticed a two-headed ogre
 10556 | D:8      | Killed a two-headed ogre
 10556 | D:8      | Reached XP level 10. HP: 50/50 MP: 13/25
 10689 | D:8      | Learned a level 3 spell: Mephitic Cloud
 10693 | D:8      | Learned a level 3 spell: Conjure Flame
 10772 | D:8      | Found a sparkling altar of Nemelex Xobeh.
 11319 | D:9      | Reached *** piety under Vehumet
 11405 | D:9      | Noticed a two-headed ogre
 11421 | D:9      | Killed a two-headed ogre
 11421 | D:9      | Reached skill level 10 in Spellcasting
 11604 | D:9      | Noticed a two-headed ogre
 11613 | D:9      | Killed a two-headed ogre
 12314 | D:9      | Reached skill level 13 in Conjurations
 12561 | D:9      | Noticed a six-headed hydra
 12563 | D:9      | Found a runed gate.
 12563 | D:9      | Noticed PIttos's ghost (novice MiFi)
 12564 | D:9      | Found a runed gate.
 12565 | D:9      | Found a runed gate.
 12861 | D:10     | Entered Level 10 of the Dungeon
 12933 | D:10     | Killed Joseph
 13113 | D:10     | Offered knowledge of Airstrike by Vehumet.
 13119 | D:10     | Learned a level 4 spell: Airstrike
 13244 | D:10     | Reached XP level 11. HP: 54/54 MP: 1/28
 13443 | D:10     | Noticed a seven-headed hydra
 13468 | D:9      | Slain by a seven-headed hydra

Skill      XL: |  1  2  3  4  5  6  7  8  9 10 |
---------------+-------------------------------+-----
Conjurations   | 5 6 7 8 9 10 11 12 13 | 13.1
Stealth        | 4 6 8 |  8.5
Dodging        | 4 6 7 |  7.8
Spellcasting   | 5 9 11 | 11.6

Action                   |  1- 3 |  4- 6 |  7- 9 | 10-12 || total
-------------------------+-------+-------+-------+-------++-------
Melee: Unarmed           |     3 |       |     1 |       ||     4
       Staff             |       |       |       |     1 ||     1
 Cast: Magic Dart        |    62 |    45 |   161 |   123 ||   391
       Searing Ray       |     3 |    20 |    69 |    31 ||   123
       Dazzling Spray    |       |     6 |       |       ||     6
       Fulminant Prism   |       |       |    15 |     5 ||    20
       Force Lance       |       |       |     6 |    12 ||    18
       Conjure Flame     |       |       |       |     7 ||     7
  Use: Scroll            |     1 |     9 |    10 |       ||    20
       Potion            |     1 |       |     3 |     1 ||     5
  Eat: Chunk             |       |     6 |    11 |     5 ||    22
       Ration            |       |     1 |     4 |     1 ||     6
Armor: Robe              |     4 |    16 |     9 |     8 ||    37
Dodge: Dodged            |    35 |    58 |    98 |    82 ||   273
Block: Other             |     1 |    11 |     6 |    12 ||    30
       Reflection        |     1 |     2 |     2 |     1 ||     6
